 Dungeon Crawl Stone Soup version 0.19-a0-444-g66f5227 (webtiles) character file.

749 Steelers13 the Ducker (level 7, -12/61 HPs)
             Began as a Minotaur Berserker on June 1, 2016.
             Was an Elder of Trog.
             Killed by divine providence
             ... invoked by an orc priest
              (14 damage)
             ... on level 4 of the Dungeon.
             The game lasted 00:32:06 (4773 turns).

Steelers13 the Ducker (Minotaur Berserker)          Turns: 4773, Time: 00:32:07

Health: -12/61     AC: 10    Str: 23    XL:     7   Next: 48%
Magic:  6/6        EV: 13    Int:  4    God:    Trog [****..]
Gold:   292        SH:  0    Dex: 13    Spells: 0 memorised, 6 levels left

rFire  . . .     SeeInvis .     k - -1 spear (curse)
rCold  . . .     Gourm    .     t - +1 scale mail (curse)
rNeg   . . .     Faith    +     (no shield)
rPois  .         Spirit   .     (helmet restricted)
rElec  .         Dismiss  .     (no cloak)
rCorr  .         Reflect  .     E - +1 pair of gloves {Dex+3}
SustAt +         Harm     .     (no boots)
MR     .....                    p - amulet of faith
Stlth  ..........               (no ring)
                                A - ring of sustain attributes

@: not resistant to hostile enchantments, extremely unstealthy
A: retaliatory headbutt, horns 2
a: Berserk, Trog's Hand, Brothers in Arms, Burn Spellbooks, Renounce Religion


You were on level 4 of the Dungeon.
You worshipped Trog.
Trog was greatly pleased with you.
You were not hungry.

You visited 1 branch of the dungeon, and saw 4 of its levels.
You also visited: Sewer.

You collected 292 gold pieces.

Inventory:

Hand Weapons
 k - a cursed -1 spear (weapon)
 l - a +0 short sword
 q - a +0 falchion
 s - a +0 hand axe
 y - a +0 long sword
Armour
 a - a +0 robe
 b - a +3 ring mail
 t - a cursed +1 scale mail (worn)
 u - a +0 chain mail
 x - a +0 scale mail
 D - a +0 chain mail
 E - a +1 pair of gloves of dexterity (worn)
 F - a +0 scale mail
Jewellery
 p - an amulet of faith (around neck)
 A - a ring of sustain attributes (left hand)
Wands
 w - a wand of flame (0/48)
Scrolls
 e - 4 scrolls of amnesia {unknown}
 f - 2 scrolls of enchant weapon {unknown}
 g - 3 scrolls of magic mapping {unknown}
 m - 2 scrolls of identify {unknown}
 o - a scroll of enchant armour
 v - 2 scrolls of remove curse {unknown}
 G - a scroll of fog {unknown}
Potions
 d - a potion of cancellation {unknown}
 h - a potion of haste {unknown}
 j - 3 potions of heal wounds {unknown}
 C - 2 potions of curing {unknown}
Comestibles
 c - 4 bread rations
 i - 2 beef jerkies
 n - a chunk of flesh
 r - a fruit
 z - a slice of pizza
 B - a meat ration


   Skills:
 + Level 5.4 Fighting
 + Level 4.1(4.3) Short Blades
 + Level 1.3(3.2) Long Blades
 + Level 0.5 Polearms
 + Level 5.8 Armour
 + Level 6.0 Dodging
 + Level 1.1 Stealth


You had 6 spell levels left.
You didn't know any spells.

Dungeon Overview and Level Annotations

Branches:
Dungeon (4/15)
 Temple: D:4-7

Altars:
Ashenzari
Cheibriados
Makhleb
Pakellas
Vehumet


Innate Abilities, Weirdness & Mutations

You reflexively headbutt those who attack you in melee.
You have a pair of horns on your head.


Message History

Things that are here:
a whip of venom; a ring mail You barely miss the orc priest.
The orc priest is moderately wounded.
The orc priest hits you with a short sword.
* * * LOW HITPOINT WARNING * * *
You hit the orc priest.
The orc priest is severely wounded.
The orc priest misses you.
You barely miss the orc priest. Your headbutt misses the orc priest.
The orc priest is severely wounded.
You feel sick.
You are no longer poisoned.
The orc priest hits you with a short sword.
* * * LOW HITPOINT WARNING * * *
You closely miss the orc priest. Your headbutt misses the orc priest.
The orc priest is severely wounded.
The orc priest mumbles some strange prayers to Beogh against you.
Beogh smites you!
You die...

...............
....[..#.###.#
.............#
.#...#.......# #.
.#.........# #.
.#.....#.#.# #.
.####..#.#.# #########.##
.#####.#.#.# #..........#
.).....#.#.# #@#######..#
...........# #o# #o.#
.#...#.#.###.#.#.# #..#
.#...#.#.###.#.#.# #..#
.#...#..)..#.#.#.# #..#
)#...##....#.#.#.#######..#
.#...##....#.#.#....o....)#
...........#.#.#.########.#
.######...<#.#.#.# #.#


You could see an orc priest.

Vanquished Creatures
  3 ogres (D:4)
  2 giant frogs (Sewer)
  A crimson imp (D:3)
  A hound (D:4)
  An orc priest (D:4)
  An orc wizard (D:4)
  Ijyb (D:2)
  An iguana (D:4)
  7 adders
  An adder skeleton (D:4)
  2 worms
  2 dart slugs
  9 giant geckos
  10 orcs
  3 ball pythons
  10 giant cockroaches
  8 hobgoblins
  11 jackals
  5 kobolds
  2 quokkas
  6 bats
  2 giant gecko skeletons (D:4)
  8 giant newts
  5 goblins
  11 rats
113 creatures vanquished.

Notes
Turn   | Place    | Note
--------------------------------------------------------------
     0 | D:1      | Steelers13 the Minotaur Berserker began the quest for the Orb.
     0 | D:1      | Reached XP level 1. HP: 19/19 MP: 0/0
   191 | D:1      | Reached XP level 2. HP: 12/27 MP: 1/1
  1004 | D:1      | Reached XP level 3. HP: 23/34 MP: 2/2
  1141 | D:1      | Reached ** piety under Trog
  1587 | D:2      | Noticed Ijyb
  1599 | D:2      | Killed Ijyb
  1599 | D:2      | Reached skill level 3 in Dodging
  1599 | D:2      | Reached XP level 4. HP: 35/41 MP: 3/3
  2418 | D:3      | Found a burning altar of Makhleb.
  2418 | D:3      | Found a radiant altar of Vehumet.
  2429 | D:3      | Reached skill level 1 in Stealth
  2429 | D:3      | Reached XP level 5. HP: 37/47 MP: 4/4
  2467 | D:3      | Found a glowing drain.
  2473 | D:3      | Reached skill level 4 in Dodging
  2491 | D:3      | Reached *** piety under Trog
  2603 | Sewer    | Entered a sewer
  3005 | Sewer    | Reached skill level 5 in Fighting
  3005 | Sewer    | Reached XP level 6. HP: 11/56 MP: 5/5
  3599 | D:3      | Found a shattered altar of Ashenzari.
  3674 | D:3      | Reached **** piety under Trog
  3770 | D:3      | Found an oddly glowing altar of Pakellas.
  3914 | D:3      | Found a snail-covered altar of Cheibriados.
  4010 | D:4      | Reached skill level 1 in Long Blades
  4010 | D:4      | Reached skill level 5 in Dodging
  4027 | D:4      | Reached skill level 5 in Armour
  4027 | D:4      | Reached XP level 7. HP: 11/61 MP: 6/6
  4695 | D:4      | Reached skill level 6 in Dodging
  4772 | D:4      | HP: 2/61 [orc priest/short sword (5)]
  4773 | D:4      | Killed from afar by an orc priest

Vault maps used:
D:1:      matt_arrival_grand_opening, minmay_shallow_snake_nest
D:2:      first_bread, minivault_25, dk_noncrumbling_3, uniq_iyjb
D:3:      grunt_temple_overflow_lords_of_destruction, overflow_temple_1_default,
          marbit_many_paths, lemuel_round_altar, portal_sewer_entry_f
Sewer:    sewer_frog_island_01

Skill      XL: |  1  2  3  4  5  6  7 |
---------------+----------------------+-----
Fighting       | 4 5 |  5.4
Dodging        | 3 4 5 6 |  6.0
Short Blades   | 4 |  4.1
Armour         | 3 4 5 |  5.8
Stealth        | 1 |  1.1
Long Blades    | 1 |  1.3
Polearms       | |  0.5

Action                   |  1- 3 |  4- 6 |  7- 9 || total
-------------------------+-------+-------+-------++-------
Melee: Short sword       |    95 |    57 |     1 ||   153
       Headbutt          |    12 |    21 |     9 ||    42
       Falchion          |       |    87 |       ||    87
       Spear             |       |       |    27 ||    27
       Long sword        |       |       |    15 ||    15
  Use: Scroll            |       |       |     1 ||     1
  Eat: Chunk             |     2 |     6 |     1 ||     9
       Bread ration      |       |     1 |       ||     1
Armor: Animal skin       |     7 |       |       ||     7
       Leather armour    |    16 |     2 |       ||    18
       Scale mail        |       |    86 |    20 ||   106
Dodge: Dodged            |    85 |   131 |    45 ||   261
